 Dungeon Crawl Stone Soup version 0.22-a0-271-gc000056 (webtiles) character file.

45767 tidbits the Martial Artist (level 14, -2/111 HPs)
             Began as a Gnoll Transmuter on Mar 12, 2018.
             Was the Champion of Cheibriados.
             Killed from afar by an electric eel (5 damage)
             ... with a bolt of electricity
             ... on level 3 of the Spider Nest on Mar 13, 2018.
             The game lasted 01:19:51 (6142 turns).

tidbits the Martial Artist (Gnoll Transmuter)       Turns: 6142, Time: 01:19:51

Health: -2/111     AC: 14    Str: 27    XL:     14   Next: 34%
Magic:  30/37      EV: 24    Int: 35    God:    Cheibriados [******]
Gold:   352        SH:  0    Dex: 32    Spells: 9/33 levels left

rFire    . . .     SeeInvis .     - Unarmed
rCold    + . .     Gourm    .   (shield currently unavailable)
rNeg     . . .     Faith    .   W - +0 troll leather armour
rPois    +         Spirit   .   E - +2 helmet
rElec    .         Reflect  .   C - +2 cloak {rPois}
rCorr    .         Harm     .   (gloves currently unavailable)
MR       ++...                  F - +0 pair of boots
Stlth    +++++.....             M - amulet of Rarriwy {RegenMP Slay+3}
HPRegen  0.68/turn              h - ring of magical power
MPRegen  0.50/turn              H - ring of protection from magic

@: blade hands, very slightly contaminated, very slow
A: distributed training, fangs 1, rugged brown scales 1, cold resistance 1,
strong nose
a: End Transformation, Bend Time, Temporal Distortion, Slouch, Step From Time,
Renounce Religion


You were on level 3 of the Spider Nest.
You worshipped Cheibriados.
Cheibriados was exalted by your worship.
You were hungry.
You had blades for hands.
You visited 4 branches of the dungeon, and saw 24 of its levels.
You also visited: Ossuary and Bailey.

You collected 2092 gold pieces.
You spent 1740 gold pieces at shops.

Inventory:

Hand Weapons
 a - a +1 dagger of draining (melded)
   (You took it off an orc wizard on level 2 of the Orcish Mines)
 b - the +9 hunting sling "Ysext" {freeze, rPois MP+9}
   (You found it on level 12 of the Dungeon)

   It causes projectiles fired from it to freeze those they strike, causing
   extra injury to most foes and up to half again as much damage against
   particularly susceptible opponents.
   They can also slow down cold-blooded creatures.
   It protects you from poison.
   It affects your magic capacity (+9).
 i - a +2 halberd of flaming
   (You took it off a gnoll on level 2 of the Dungeon)
 l - a +0 war axe of chopping
   (You found it on level 1 of the Spider Nest)
 L - a +2 dire flail of crushing
   (You took it off a two-headed ogre on level 11 of the Dungeon)
Missiles
 f - 29 stones (quivered)
 j - 23 sling bullets
 x - 92 arrows
Armour
 u - a +2 robe of cold resistance
   (You took it off an orc sorcerer on level 2 of the Orcish Mines)
 C - a +2 cloak of poison resistance (worn)
   (You bought it in a shop on level 2 of the Orcish Mines)
 D - a +2 buckler of positive energy (melded)
   (You bought it in a shop on level 2 of the Orcish Mines)
 E - a +2 helmet (worn)
 F - a +0 pair of boots (worn)
 G - a +2 pair of gloves of archery (melded)
   (You bought it in a shop on level 2 of the Orcish Mines)
 R - a +0 robe of cold resistance
   (You took it off an orc wizard on level 2 of the Orcish Mines)
 V - a +2 robe of magic resistance
   (You took it off an orc sorcerer on level 2 of the Orcish Mines)
 W - a +0 troll leather armour (worn)
 X - a +2 robe of magic resistance
   (You took it off an orc sorcerer on level 2 of the Orcish Mines)
 Z - a cursed +0 scale mail
Magical Staves
 w - an uncursed staff of wizardry {!a}
   (You found it in a bailey)
Jewellery
 g - an uncursed amulet of regeneration
   (You took it off a crimson imp on level 11 of the Dungeon)
 h - a ring of magical power (left scythe-like blade)
   (You found it on level 2 of the Dungeon)
 y - an uncursed ring of resist corrosion
   (You found it on level 6 of the Dungeon)
 H - a ring of protection from magic (right scythe-like blade)
   (You found it on level 6 of the Dungeon)
 M - the amulet of Rarriwy (around neck) {RegenMP Slay+3}
   (You bought it in a shop on level 10 of the Dungeon)

   [amulet of magic regeneration]

   It increases your magic regeneration.
   It affects your accuracy and damage with ranged weapons and melee attacks
   (+3).
 U - an uncursed ring of poison resistance
   (You took it off an orc wizard on level 9 of the Dungeon)
Wands
 d - a wand of scattershot (3)
 p - a wand of paralysis (13)
 v - a wand of digging (4)
 A - a wand of iceblast (5)
 P - a wand of enslavement (31)
 T - a wand of clouds (4)
Scrolls
 k - 2 scrolls of immolation
 m - 2 scrolls of teleportation
 o - 3 scrolls of enchant weapon
 q - 5 scrolls of fear
 r - 4 scrolls of remove curse
 z - 2 scrolls of amnesia
 J - a scroll of enchant armour
Potions
 e - 2 potions of curing
 n - 2 potions of heal wounds
 s - a potion of flight
 t - 2 potions of magic
 B - 2 potions of lignification
 I - a potion of haste {unknown}
 K - 2 potions of might
 N - a potion of invisibility {unknown}
 Y - a potion of ambrosia
Miscellaneous
 S - a lamp of fire
Comestibles
 c - 9 rations


   Skills:
 + Level 9.4 Fighting
 + Level 9.0 Short Blades
 + Level 9.0 Long Blades
 + Level 9.0 Axes
 + Level 9.0 Maces & Flails
 + Level 9.0 Polearms
 + Level 9.0 Staves
 + Level 9.0 Slings
 + Level 9.0 Bows
 + Level 9.0 Crossbows
 + Level 9.0 Throwing
 + Level 9.0 Armour
 + Level 10.1 Dodging
 + Level 9.0 Stealth
 + Level 9.0 Shields
 + Level 11.0 Unarmed Combat
 + Level 10.2 Spellcasting
 + Level 7.5 Conjurations
 + Level 7.5 Hexes
 + Level 7.5 Charms
 + Level 7.5 Summonings
 + Level 7.5 Necromancy
 + Level 7.5 Translocations
 + Level 8.5 Transmutations
 + Level 7.5 Fire Magic
 + Level 7.5 Ice Magic
 + Level 7.5 Air Magic
 + Level 7.5 Earth Magic
 + Level 7.5 Poison Magic
 + Level 9.8 Invocations
 + Level 9.0 Evocations


You had 9 spell levels left.
You knew the following spells:

 Your Spells              Type           Power        Failure   Level  Hunger
e - Beastly Appendage     Tmut           ######       7%          1    None
h - Blade Hands           Tmut           ######....   22%         5    ##.....
i - Ice Form              Ice/Tmut       ######..     16%         4    None
k - Sticks to Snakes      Tmut           ######..     8%          2    None
p - Spider Form           Tmut/Pois      ######....   10%         3    None
L - Summon Lightning Spi  Summ/Air       ######..     17%         4    None
S - Silence               Hex/Air        ######....   26%         5    ##.....


Dungeon Overview and Level Annotations

Branches:
Dungeon (13/15)            Temple (0/1) D:6            Lair (6/6) D:8
  Swamp (0/4) Lair:3       Spider (3/4) Lair:4          Orc (2/2) D:12
    Elf (0/3) Orc:2
  Slime: Lair:5-6    Vaults: D:13-14

Altars:
Ashenzari
Cheibriados
Elyvilon
Fedhas
Kikubaaqudgha
Makhleb
Qazlal
Sif Muna
Vehumet
Xom
Beogh

Shops:
D:10 =   Orc:2 !}[[[

Annotations:
D:7 Menkaure


Innate Abilities, Weirdness & Mutations

Your experience applies equally to all skills.
You have very sharp teeth.
Your uncanny sense of smell can sniff out nearby items.
You are partially covered in rugged brown scales. (AC +1, +3% HP)
Your flesh is cold resistant. (rC+)


Message History

An electric hum fills the air.
Casting: Summon Lightning Spire (safe; 1% risk of failure)
Confirm with . or Enter, or press ? or * to list all spells.
Your hands turn into razor-sharp scythe blades.
Your +1 dagger of draining melds into your body.
Your +2 pair of gloves of archery melds into your body.
Your +2 buckler of positive energy melds into your body.
Your aim is not that steady anymore.
You feel less protected from negative energy.
The wolf spider barely misses you. The wolf spider bites you.
* * * LOW HITPOINT WARNING * * *
Your adder closely misses the wolf spider.
You slash the wolf spider! x2
The wolf spider is moderately wounded.
The wolf spider hits you!
* * * LOW HITPOINT WARNING * * *
The wolf spider completely misses you.
Your adder closely misses the wolf spider.
You shred the wolf spider!!!
You kill the wolf spider!
Cheibriados thoroughly appreciates the change of pace.
Your Short Blades skill increases to level 9!
Your Long Blades skill increases to level 9!
Your Axes skill increases to level 9!
Your Maces & Flails skill increases to level 9!
Your Polearms skill increases to level 9!
Your Staves skill increases to level 9!
Your Slings skill increases to level 9!
Your Bows skill increases to level 9!
Your Crossbows skill increases to level 9!
Your Throwing skill increases to level 9!
Your Armour skill increases to level 9!
Your Stealth skill increases to level 9!
Your Shields skill increases to level 9!
Your Evocations skill increases to level 9!
The wolf spider hisses angrily.
The jumping spider leaps!
An electric eel comes into view.
You swap places.
The jumping spider leaps!
The jumping spider pounces on your adder but does no damage.
The jumping spider bites your adder. The wolf spider barely misses you.
The wolf spider bites you!
* * * LOW HITPOINT WARNING * * *
Your adder bites the jumping spider but does no damage.
Your adder closely misses the jumping spider.
You slice the wolf spider!! Your bite misses the wolf spider.
The wolf spider is heavily wounded.
The jumping spider pounces on your adder.
The jumping spider closely misses your adder.
The wolf spider misses you. The wolf spider completely misses you.
Your adder misses the jumping spider.
Your adder closely misses the jumping spider.
The redback barely misses you.
The jumping spider closely misses your adder.
The jumping spider bites your adder.
Your adder dies!
You shred the wolf spider!!!
You kill the wolf spider!
Cheibriados thoroughly appreciates the change of pace.
Your adder closely misses the jumping spider.
The redback completely misses you.
A bolt of electricity appears from out of your range of vision.
The bolt of electricity hits your adder.
Your adder dies!
The bolt of electricity hits the jumping spider.
You slice the wolf spider!! Your slash misses the wolf spider.
The wolf spider is heavily wounded.
The wolf spider closely misses you. The wolf spider barely misses you.
The redback completely misses you.
You barely miss the wolf spider.
The wolf spider is heavily wounded.
The wolf spider completely misses you. The wolf spider closely misses you.
The redback misses you.
Unknown command.
You slice the wolf spider!!
The wolf spider is almost dead.
The jumping spider leaps!
The redback completely misses you. The wolf spider misses you.
The wolf spider bites you!
* * * LOW HITPOINT WARNING * * *
You are poisoned.
The wolf spider poisons you!
You can feel time thicken for a moment.
You kill the jumping spider!
Cheibriados thoroughly appreciates the change of pace.
You kill the redback!
Cheibriados thoroughly appreciates the change of pace.
You kill the wolf spider!
Cheibriados thoroughly appreciates the change of pace.
You feel somewhat more hungry.
You feel sick.
Okay, then.
You feel better.
The electric eel shoots out a bolt of lightning at you!
The bolt of electricity hits you!
* * * LOW HITPOINT WARNING * * *
The bolt of electricity hits you!
* * * LOW HITPOINT WARNING * * *
The electric eel shoots out a bolt of lightning at you!
The bolt of electricity hits you!
* * * LOW HITPOINT WARNING * * *
The bolt of electricity hits you!
You die...

#### ##.........##
##...........#^
#...#..........
##.............#
#....^........## ###
###........#.(....
##...##.†.#....#.....#.≈
.....#.†....(..†@...≈.≈≈
.....^....#(#...#.8≈≈≈≈≈
.#........(..".....≈≈≈≈≈
#.......<.#.........≈#≈≈
..#....††.........#.≈≈≈≈
.†...).††#.........;≈≈≈≈
...#....####...#...≈≈≈≈≈
.......## ###......≈≈#≈
....... #§.....≈#≈


You could see an electric eel and a friendly lightning spire.

Vanquished Creatures
  Aizul (Spider:1)
  2 hydras
  An ogre mage (Orc:2)
  7 dancing weapons (Spider:1)
  2 two-headed ogres
  2 death yaks (D:8)
  An orc high priest (Orc:2)
  7 orc sorcerers (Orc:2)
  An ugly thing (D:12)
  2 orb spiders (Spider:1)
  2 orc knights
  5 wolf spiders
  A manticore (D:12)
  An elephant (Lair:3)
  2 black mambas
  5 spiny frogs
  2 gargoyles (D:12)
  A komodo dragon (Lair:3)
  4 demonic crawlers (Spider:1)
  3 trolls (Orc:2)
  8 jumping spiders
  3 hornets
  A polar bear (Lair:3)
  7 dream sheep (Lair:2)
  2 hippogriffs
  A spriggan (Lair:3)
  2 wyverns
  17 redbacks
  12 tarantellas
  A wraith (D:8)
  2 steam dragons
  A vampire (D:11)
  2 hungry ghosts
  10 yaks
  A basilisk (Lair:5)
  3 wargs
  Duvessa (D:5)
  6 water moccasins
  17 orc warriors
  4 porcupines
  2 sky beasts (D:6)
  2 black bears
  3 ice beasts (D:8)
  12 ogres
  4 centaurs
  13 wolves
  6 crocodiles
  2 big kobolds
  9 bullfrogs
  A wyvern zombie (D:10)
  Dowan (D:5)
  5 scorpions
  4 wights (D:12)
  A centaur zombie (D:7)
  7 crimson imps
  A bullfrog zombie (D:12)
  4 orc priests
  A centaur skeleton (D:5)
  2 bullfrog skeletons
  6 hounds
  A jelly (D:12)
  15 orc wizards
  2 iguanas
  5 worker ants
  2 killer bee zombies
  2 howler monkey zombies
  A worker ant zombie (D:5)
  6 gnolls
  7 adders
  3 shadow imps
  2 white imps (D:8)
  An ooze (D:4)
  An adder skeleton (D:7)
  2 dart slugs
  A leopard gecko (D:4)
  42 orcs
  A ball python (D:2)
  A giant cockroach (D:4)
  3 goblins
  2 hobgoblins
  7 jackals
  13 kobolds
  3 quokkas
  A frilled lizard (D:4)
  A hobgoblin zombie (D:5)
  A leopard gecko skeleton (D:4)
  A quokka simulacrum (D:8)
366 creatures vanquished.

Vanquished Creatures (collateral kills)
  A death yak (D:8)
  Nergalle (Orc:2)
  A wolf spider (Spider:1)
  4 orb spiders
  2 orc sorcerers (Orc:2)
  A spiny frog (Lair:4)
  3 jumping spiders
  A hornet (Spider:1)
  2 yaks (D:8)
  A basilisk (Lair:3)
  An acid dragon (D:10)
  A porcupine (Lair:3)
  An orc warrior (Bailey)
  A black bear (D:10)
  2 wolves (Lair:3)
  2 bullfrogs
  A wight (D:12)
  2 orc wizards (Orc:2)
  A worker ant (D:10)
  A mummy (D:5)
  A worm (D:2)
  4 orcs
35 creatures vanquished.

Vanquished Creatures (others)
  4 fungi (Lair:4)
  10 toadstools (D:5)
14 creatures vanquished.

Grand Total: 415 creatures vanquished

Notes
Turn   | Place    | Note
-------+----------+-------------------------------------------
     0 | D:1      | tidbits the Gnoll Transmuter began the quest for the Orb.
     0 | D:1      | Reached XP level 1. HP: 17/17 MP: 6/6
    97 | D:2      | Reached XP level 2. HP: 21/23 MP: 6/7
   158 | D:1      | Learned a level 2 spell: Sticks to Snakes
   165 | D:2      | Reached skill level 5 in Spellcasting
   165 | D:2      | Reached XP level 3. HP: 15/28 MP: 9/9
   297 | D:2      | Reached skill level 1 in Invocations
   304 | D:2      | Learned a level 3 spell: Spider Form
   592 | D:3      | Noticed a hungry ghost
   597 | D:3      | Reached skill level 1 in Short Blades
   597 | D:3      | Reached skill level 1 in Long Blades
   597 | D:3      | Reached skill level 1 in Axes
   597 | D:3      | Reached skill level 1 in Maces & Flails
   597 | D:3      | Reached skill level 1 in Polearms
   597 | D:3      | Reached skill level 1 in Staves
   597 | D:3      | Reached skill level 1 in Slings
   597 | D:3      | Reached skill level 1 in Bows
   597 | D:3      | Reached skill level 1 in Crossbows
   597 | D:3      | Reached skill level 1 in Throwing
   597 | D:3      | Reached skill level 1 in Armour
   597 | D:3      | Reached skill level 1 in Stealth
   597 | D:3      | Reached skill level 1 in Shields
   597 | D:3      | Reached skill level 1 in Evocations
   597 | D:3      | Reached XP level 4. HP: 27/34 MP: 11/11
   612 | D:3      | Killed a hungry ghost
   612 | D:3      | Reached skill level 3 in Fighting
   612 | D:3      | Reached skill level 1 in Conjurations
   612 | D:3      | Reached skill level 1 in Hexes
   612 | D:3      | Reached skill level 1 in Charms
   612 | D:3      | Reached skill level 1 in Summonings
   612 | D:3      | Reached skill level 1 in Necromancy
   612 | D:3      | Reached skill level 1 in Translocations
   612 | D:3      | Reached skill level 4 in Transmutations
   612 | D:3      | Reached skill level 1 in Fire Magic
   612 | D:3      | Reached skill level 1 in Ice Magic
   612 | D:3      | Reached skill level 1 in Air Magic
   612 | D:3      | Reached skill level 1 in Earth Magic
   612 | D:3      | Reached skill level 1 in Poison Magic
   612 | D:3      | Reached XP level 5. HP: 27/41 MP: 12/12
   634 | D:4      | Found an ancient bone altar of Kikubaaqudgha.
   635 | D:4      | Noticed an ogre
   651 | D:4      | Killed an ogre
   651 | D:4      | Reached skill level 2 in Invocations
   651 | D:4      | Reached XP level 6. HP: 37/47 MP: 13/13
   667 | D:5      | Entered Level 5 of the Dungeon
   721 | D:5      | Found a sand-covered staircase.
   728 | Ossuary  | Entered an ossuary
   774 | Ossuary  | Noticed a wraith
   774 | Ossuary  | Noticed a flying skull
   787 | Ossuary  | Noticed a flying skull
   912 | D:4      | Reached skill level 2 in Short Blades
   912 | D:4      | Reached skill level 2 in Long Blades
   912 | D:4      | Reached skill level 2 in Axes
   912 | D:4      | Reached skill level 2 in Maces & Flails
   912 | D:4      | Reached skill level 2 in Polearms
   912 | D:4      | Reached skill level 2 in Staves
   912 | D:4      | Reached skill level 2 in Slings
   912 | D:4      | Reached skill level 2 in Bows
   912 | D:4      | Reached skill level 2 in Crossbows
   912 | D:4      | Reached skill level 2 in Throwing
   912 | D:4      | Reached skill level 2 in Armour
   912 | D:4      | Reached skill level 5 in Dodging
   912 | D:4      | Reached skill level 2 in Stealth
   912 | D:4      | Reached skill level 2 in Shields
   912 | D:4      | Reached skill level 2 in Evocations
   954 | D:4      | Found a burning altar of Makhleb.
  1026 | D:4      | Found a deep blue altar of Sif Muna.
  1026 | D:4      | Found a shattered altar of Ashenzari.
  1066 | D:4      | Found a snail-covered altar of Cheibriados.
  1074 | D:4      | Became a worshipper of Cheibriados the Contemplative
  1080 | D:4      | Reached XP level 7. HP: 35/52 MP: 15/15
  1143 | D:5      | Reached skill level 7 in Unarmed Combat
  1212 | D:5      | Noticed Duvessa
  1234 | D:5      | Killed Duvessa
  1234 | D:5      | Reached skill level 2 in Conjurations
  1234 | D:5      | Reached skill level 2 in Hexes
  1234 | D:5      | Reached skill level 2 in Charms
  1234 | D:5      | Reached skill level 2 in Summonings
  1234 | D:5      | Reached skill level 2 in Necromancy
  1234 | D:5      | Reached skill level 2 in Translocations
  1234 | D:5      | Reached skill level 2 in Fire Magic
  1234 | D:5      | Reached skill level 2 in Ice Magic
  1234 | D:5      | Reached skill level 2 in Air Magic
  1234 | D:5      | Reached skill level 2 in Earth Magic
  1234 | D:5      | Reached skill level 2 in Poison Magic
  1238 | D:5      | Noticed Dowan
  1249 | D:5      | Killed Dowan
  1372 | D:6      | Reached skill level 3 in Invocations
  1379 | D:6      | Found a staircase to the Ecumenical Temple.
  1457 | D:6      | Found a blossoming altar of Fedhas.
  1472 | D:6      | Reached XP level 8. HP: 55/60 MP: 16/16
  1475 | D:6      | Reached skill level 4 in Fighting
  1475 | D:6      | Reached skill level 3 in Short Blades
  1475 | D:6      | Reached skill level 3 in Long Blades
  1475 | D:6      | Reached skill level 3 in Axes
  1475 | D:6      | Reached skill level 3 in Maces & Flails
  1475 | D:6      | Reached skill level 3 in Polearms
  1475 | D:6      | Reached skill level 3 in Staves
  1475 | D:6      | Reached skill level 3 in Slings
  1475 | D:6      | Reached skill level 3 in Bows
  1475 | D:6      | Reached skill level 3 in Crossbows
  1475 | D:6      | Reached skill level 3 in Throwing
  1475 | D:6      | Reached skill level 3 in Armour
  1475 | D:6      | Reached skill level 3 in Stealth
  1475 | D:6      | Reached skill level 3 in Shields
  1475 | D:6      | Reached skill level 3 in Evocations
  1544 | D:6      | Reached skill level 6 in Spellcasting
  1607 | D:6      | Reached * piety under Cheibriados
  1613 | D:6      | Found a white marble altar of Elyvilon.
  1804 | D:7      | Reached skill level 3 in Conjurations
  1804 | D:7      | Reached skill level 3 in Hexes
  1804 | D:7      | Reached skill level 3 in Charms
  1804 | D:7      | Reached skill level 3 in Summonings
  1804 | D:7      | Reached skill level 3 in Necromancy
  1804 | D:7      | Reached skill level 3 in Translocations
  1804 | D:7      | Reached skill level 3 in Fire Magic
  1804 | D:7      | Reached skill level 3 in Ice Magic
  1804 | D:7      | Reached skill level 3 in Air Magic
  1804 | D:7      | Reached skill level 3 in Earth Magic
  1804 | D:7      | Reached skill level 3 in Poison Magic
  1804 | D:7      | Reached skill level 4 in Invocations
  1807 | D:7      | Reached XP level 9. HP: 18/66 MP: 18/18
  1811 | D:7      | Reached skill level 6 in Dodging
  1826 | D:7      | Reached skill level 5 in Transmutations
  1887 | D:7      | Noticed Menkaure
  1926 | D:7      | Reached skill level 4 in Short Blades
  1926 | D:7      | Reached skill level 4 in Long Blades
  1926 | D:7      | Reached skill level 4 in Axes
  1926 | D:7      | Reached skill level 4 in Maces & Flails
  1926 | D:7      | Reached skill level 4 in Polearms
  1926 | D:7      | Reached skill level 4 in Staves
  1926 | D:7      | Reached skill level 4 in Slings
  1926 | D:7      | Reached skill level 4 in Bows
  1926 | D:7      | Reached skill level 4 in Crossbows
  1926 | D:7      | Reached skill level 4 in Throwing
  1926 | D:7      | Reached skill level 4 in Armour
  1926 | D:7      | Reached skill level 4 in Stealth
  1926 | D:7      | Reached skill level 4 in Shields
  1926 | D:7      | Reached skill level 4 in Evocations
  1970 | D:8      | Reached ** piety under Cheibriados
  1986 | D:8      | Reached skill level 5 in Fighting
  2106 | D:8      | Reached skill level 8 in Unarmed Combat
  2172 | D:8      | Found a shimmering altar of Xom.
  2173 | D:8      | Found a shimmering altar of Xom.
  2173 | D:8      | Found a shimmering altar of Xom.
  2174 | D:8      | Found a shimmering altar of Xom.
  2198 | D:9      | Reached skill level 5 in Invocations
  2236 | D:9      | Found a flagged portal.
  2267 | Bailey   | Entered a bailey
  2280 | Bailey   | Reached XP level 10. HP: 14/74 MP: 20/20
  2332 | Bailey   | Reached skill level 7 in Spellcasting
  2357 | Bailey   | Reached skill level 4 in Conjurations
  2357 | Bailey   | Reached skill level 4 in Hexes
  2357 | Bailey   | Reached skill level 4 in Charms
  2357 | Bailey   | Reached skill level 4 in Summonings
  2357 | Bailey   | Reached skill level 4 in Necromancy
  2357 | Bailey   | Reached skill level 4 in Translocations
  2357 | Bailey   | Reached skill level 4 in Fire Magic
  2357 | Bailey   | Reached skill level 4 in Ice Magic
  2357 | Bailey   | Reached skill level 4 in Air Magic
  2357 | Bailey   | Reached skill level 4 in Earth Magic
  2357 | Bailey   | Reached skill level 4 in Poison Magic
  2374 | Bailey   | Learned a level 4 spell: Ice Form
  2468 | Bailey   | Reached skill level 5 in Short Blades
  2468 | Bailey   | Reached skill level 5 in Long Blades
  2468 | Bailey   | Reached skill level 5 in Axes
  2468 | Bailey   | Reached skill level 5 in Maces & Flails
  2468 | Bailey   | Reached skill level 5 in Polearms
  2468 | Bailey   | Reached skill level 5 in Staves
  2468 | Bailey   | Reached skill level 5 in Slings
  2468 | Bailey   | Reached skill level 5 in Bows
  2468 | Bailey   | Reached skill level 5 in Crossbows
  2468 | Bailey   | Reached skill level 5 in Throwing
  2468 | Bailey   | Reached skill level 5 in Armour
  2468 | Bailey   | Reached skill level 5 in Stealth
  2468 | Bailey   | Reached skill level 5 in Shields
  2468 | Bailey   | Reached skill level 5 in Evocations
  2486 | Bailey   | Noticed an orc knight
  2501 | Bailey   | Killed an orc knight
  2508 | Bailey   | Learned a level 5 spell: Blade Hands
  2508 | Bailey   | Reached skill level 7 in Dodging
  2538 | Bailey   | Found a roughly hewn altar of Beogh.
  2559 | D:10     | Entered Level 10 of the Dungeon
  2601 | D:10     | Found Fiocufom's Jewellery Shoppe.
  2611 | D:10     | Learned a level 4 spell: Summon Lightning Spire
  2621 | D:10     | Reached *** piety under Cheibriados
  2638 | D:10     | Identified a scroll of acquirement {bailey}
  2652 | D:10     | Bought the amulet of Rarriwy {RegenMP Slay+3} for 644 gold pieces
  2735 | D:11     | Got a steaming chain mail
  2762 | D:11     | HP: 6/76 [something (12)]
  2763 | D:11     | Reached skill level 6 in Fighting
  2932 | D:11     | Noticed a two-headed ogre
  3001 | D:11     | Reached skill level 6 in Transmutations
  3001 | D:11     | Reached skill level 6 in Invocations
  3020 | D:11     | Killed a two-headed ogre
  3027 | D:11     | HP: 4/76 [yak (11)]
  3029 | D:11     | Reached XP level 11. HP: 5/82 MP: 22/22
  3071 | D:10     | HP: 7/82 [hippogriff (7)]
  3247 | D:9      | Noticed a wizard
  3291 | D:10     | Noticed a two-headed ogre
  3294 | D:10     | Killed a two-headed ogre
  3294 | D:10     | Reached **** piety under Cheibriados
  3294 | D:10     | Reached skill level 6 in Short Blades
  3294 | D:10     | Reached skill level 6 in Long Blades
  3294 | D:10     | Reached skill level 6 in Axes
  3294 | D:10     | Reached skill level 6 in Maces & Flails
  3294 | D:10     | Reached skill level 6 in Polearms
  3294 | D:10     | Reached skill level 6 in Staves
  3294 | D:10     | Reached skill level 6 in Slings
  3294 | D:10     | Reached skill level 6 in Bows
  3294 | D:10     | Reached skill level 6 in Crossbows
  3294 | D:10     | Reached skill level 6 in Throwing
  3294 | D:10     | Reached skill level 6 in Armour
  3294 | D:10     | Reached skill level 6 in Stealth
  3294 | D:10     | Reached skill level 6 in Shields
  3294 | D:10     | Reached skill level 9 in Unarmed Combat
  3294 | D:10     | Reached skill level 6 in Evocations
  3367 | D:10     | Reached skill level 5 in Conjurations
  3367 | D:10     | Reached skill level 5 in Hexes
  3367 | D:10     | Reached skill level 5 in Charms
  3367 | D:10     | Reached skill level 5 in Summonings
  3367 | D:10     | Reached skill level 5 in Necromancy
  3367 | D:10     | Reached skill level 5 in Translocations
  3367 | D:10     | Reached skill level 5 in Fire Magic
  3367 | D:10     | Reached skill level 5 in Ice Magic
  3367 | D:10     | Reached skill level 5 in Air Magic
  3367 | D:10     | Reached skill level 5 in Earth Magic
  3367 | D:10     | Reached skill level 5 in Poison Magic
  3507 | D:12     | Reached skill level 8 in Spellcasting
  3603 | D:12     | Noticed a green ugly thing
  3614 | D:12     | Killed a green ugly thing
  3660 | D:12     | Reached ***** piety under Cheibriados
  3740 | D:12     | Got a translucent hunting sling
  3791 | D:12     | Found a staircase to the Orcish Mines.
  3802 | Orc:1    | Entered Level 1 of the Orcish Mines
  3815 | Orc:1    | Reached skill level 7 in Invocations
  3888 | Orc:1    | Identified the +9 hunting sling "Ysext" {freeze, rPois MP+9} (You found it on level 12 of the Dungeon)
  3890 | Orc:2    | Entered Level 2 of the Orcish Mines
  3926 | Orc:2    | Learned a level 5 spell: Silence
  3970 | Orc:2    | Found Oxkaemer's Armour Shoppe.
  3975 | Orc:2    | Found a roughly hewn altar of Beogh.
  3980 | Orc:2    | Bought a +0 helmet for 49 gold pieces
  3980 | Orc:2    | Bought a +2 cloak of poison resistance for 203 gold pieces
  3980 | Orc:2    | Bought a +0 pair of boots for 49 gold pieces
  4018 | Orc:2    | Reached skill level 7 in Fighting
  4018 | Orc:2    | Reached skill level 8 in Dodging
  4021 | Orc:2    | Noticed an orc knight
  4025 | Orc:2    | Noticed an orc sorcerer
  4032 | Orc:2    | Killed an orc knight
  4039 | Orc:2    | Killed an orc sorcerer
  4055 | Orc:1    | Noticed an orc sorcerer
  4056 | Orc:1    | Noticed an orc high priest
  4140 | Orc:2    | Found a staircase to the Elven Halls.
  4160 | Orc:2    | Noticed an orc high priest
  4173 | Orc:2    | Killed an orc high priest
  4173 | Orc:2    | Reached XP level 12. HP: 70/91 MP: 24/24
  4270 | Orc:2    | Paralysed by an orc sorcerer for 3 turns
  4295 | Orc:2    | Reached skill level 7 in Transmutations
  4299 | Orc:2    | Reached skill level 7 in Short Blades
  4299 | Orc:2    | Reached skill level 7 in Long Blades
  4299 | Orc:2    | Reached skill level 7 in Axes
  4299 | Orc:2    | Reached skill level 7 in Maces & Flails
  4299 | Orc:2    | Reached skill level 7 in Polearms
  4299 | Orc:2    | Reached skill level 7 in Staves
  4299 | Orc:2    | Reached skill level 7 in Slings
  4299 | Orc:2    | Reached skill level 7 in Bows
  4299 | Orc:2    | Reached skill level 7 in Crossbows
  4299 | Orc:2    | Reached skill level 7 in Throwing
  4299 | Orc:2    | Reached skill level 7 in Armour
  4299 | Orc:2    | Reached skill level 7 in Stealth
  4299 | Orc:2    | Reached skill level 7 in Shields
  4299 | Orc:2    | Reached skill level 7 in Evocations
  4303 | Orc:2    | Found Yci Ypp's Antique Armour Boutique.
  4312 | Orc:2    | Bought a shiny buckler for 232 gold pieces
  4340 | Orc:2    | Found Diwieny's Antique Armour Shop.
  4348 | Orc:2    | Bought a pair of embroidered gloves for 225 gold pieces
  4366 | Orc:2    | Found an ancient bone altar of Kikubaaqudgha.
  4368 | Orc:2    | Noticed Nergalle
  4380 | Orc:2    | Killed Nergalle
  4419 | Orc:2    | Found Cydegoud's Gadget Boutique.
  4428 | Orc:2    | Noticed an ogre mage
  4433 | Orc:2    | Killed an ogre mage
  4448 | Orc:2    | Found a radiant altar of Vehumet.
  4501 | Orc:2    | Found a roughly hewn altar of Beogh.
  4527 | Orc:2    | Found Deney's Distillery.
  4538 | Orc:2    | Bought a potion of curing for 39 gold pieces
  4538 | Orc:2    | Bought a potion of might for 52 gold pieces
  4538 | Orc:2    | Bought a potion of curing for 39 gold pieces
  4538 | Orc:2    | Bought a potion of ambrosia for 104 gold pieces
  4538 | Orc:2    | Bought a potion of magic for 104 gold pieces
  4644 | D:12     | Reached skill level 6 in Conjurations
  4644 | D:12     | Reached skill level 6 in Hexes
  4644 | D:12     | Reached skill level 6 in Charms
  4644 | D:12     | Reached skill level 6 in Summonings
  4644 | D:12     | Reached skill level 6 in Necromancy
  4644 | D:12     | Reached skill level 6 in Translocations
  4644 | D:12     | Reached skill level 6 in Fire Magic
  4644 | D:12     | Reached skill level 6 in Ice Magic
  4644 | D:12     | Reached skill level 6 in Air Magic
  4644 | D:12     | Reached skill level 6 in Earth Magic
  4644 | D:12     | Reached skill level 6 in Poison Magic
  4772 | D:8      | Reached skill level 8 in Invocations
  4841 | D:8      | Noticed a death yak
  4841 | D:8      | Noticed a death yak
  4849 | D:8      | Killed a death yak
  4849 | D:8      | Reached skill level 9 in Spellcasting
  4851 | D:8      | Noticed a death yak
  4851 | D:8      | Killed a death yak
  4857 | D:8      | Killed a death yak
  4888 | D:8      | Found a staircase to the Lair.
  4905 | Lair:1   | Entered Level 1 of the Lair of Beasts
  4949 | Lair:2   | Reached skill level 8 in Fighting
  4949 | Lair:2   | Reached skill level 10 in Unarmed Combat
  4971 | Lair:2   | Reached skill level 9 in Dodging
  5173 | Lair:3   | Found a staircase to the Swamp.
  5186 | Lair:3   | Noticed a four-headed hydra
  5194 | Lair:3   | Killed a four-headed hydra
  5194 | Lair:3   | Reached XP level 13. HP: 98/98 MP: 26/26
  5391 | Lair:4   | Found a stormy altar of Qazlal.
  5517 | Lair:4   | Reached skill level 8 in Short Blades
  5517 | Lair:4   | Reached skill level 8 in Long Blades
  5517 | Lair:4   | Reached skill level 8 in Axes
  5517 | Lair:4   | Reached skill level 8 in Maces & Flails
  5517 | Lair:4   | Reached skill level 8 in Polearms
  5517 | Lair:4   | Reached skill level 8 in Staves
  5517 | Lair:4   | Reached skill level 8 in Slings
  5517 | Lair:4   | Reached skill level 8 in Bows
  5517 | Lair:4   | Reached skill level 8 in Crossbows
  5517 | Lair:4   | Reached skill level 8 in Throwing
  5517 | Lair:4   | Reached skill level 8 in Armour
  5517 | Lair:4   | Reached skill level 8 in Stealth
  5517 | Lair:4   | Reached skill level 8 in Shields
  5517 | Lair:4   | Reached skill level 8 in Evocations
  5559 | Lair:6   | Entered Level 6 of the Lair of Beasts
  5726 | Lair:4   | Found a hole to the Spider Nest.
  5748 | Spider:1 | Entered Level 1 of the Spider Nest
  5767 | Spider:1 | Reached skill level 9 in Invocations
  5772 | Spider:1 | Noticed Aizul
  5786 | Spider:1 | Killed Aizul
  5786 | Spider:1 | Reached skill level 8 in Transmutations
  5859 | Spider:1 | Reached skill level 7 in Conjurations
  5859 | Spider:1 | Reached skill level 7 in Hexes
  5859 | Spider:1 | Reached skill level 7 in Charms
  5859 | Spider:1 | Reached skill level 7 in Summonings
  5859 | Spider:1 | Reached skill level 7 in Necromancy
  5859 | Spider:1 | Reached skill level 7 in Translocations
  5859 | Spider:1 | Reached skill level 7 in Fire Magic
  5859 | Spider:1 | Reached skill level 7 in Ice Magic
  5859 | Spider:1 | Reached skill level 7 in Air Magic
  5859 | Spider:1 | Reached skill level 7 in Earth Magic
  5859 | Spider:1 | Reached skill level 7 in Poison Magic
  5897 | Spider:1 | Identified the +0 chain mail "Kaol" {+Fly rN+} (You found it on level 11 of the Dungeon)
  5930 | Spider:1 | Found a runed door.
  5935 | Spider:1 | Gained mutation: Your mind is acute. (Int +2) [potion of mutation]
  5935 | Spider:1 | Gained mutation: Your mind is very acute. (Int +4) [potion of mutation]
  5937 | Spider:1 | Lost mutation: Your mind is very acute. (Int +4) [potion of mutation]
  5937 | Spider:1 | Lost mutation: Your mind is acute. (Int +2) [potion of mutation]
  5937 | Spider:1 | Gained mutation: You occasionally shout uncontrollably at your foes. [potion of mutation]
  5937 | Spider:1 | Gained mutation: You are clumsy. (Dex -2) [potion of mutation]
  5937 | Spider:1 | Lost mutation: You are clumsy. (Dex -2) [potion of mutation]
  5938 | Spider:1 | Lost mutation: You occasionally shout uncontrollably at your foes. [potion of mutation]
  5938 | Spider:1 | Gained mutation: You are partially covered in rugged brown scales. (AC +1, +3% HP) [potion of mutation]
  5938 | Spider:1 | Gained mutation: Your flesh is cold resistant. (rC+) [potion of mutation]
  5952 | Spider:1 | Reached skill level 9 in Fighting
  5965 | Spider:1 | Reached ****** piety under Cheibriados
  5970 | Spider:1 | Reached skill level 10 in Spellcasting
  5975 | Spider:1 | Reached XP level 14. HP: 65/111 MP: 28/28
  6067 | Spider:3 | Reached skill level 10 in Dodging
  6116 | Spider:3 | Reached skill level 11 in Unarmed Combat
  6133 | Spider:3 | Reached skill level 9 in Short Blades
  6133 | Spider:3 | Reached skill level 9 in Long Blades
  6133 | Spider:3 | Reached skill level 9 in Axes
  6133 | Spider:3 | Reached skill level 9 in Maces & Flails
  6133 | Spider:3 | Reached skill level 9 in Polearms
  6133 | Spider:3 | Reached skill level 9 in Staves
  6133 | Spider:3 | Reached skill level 9 in Slings
  6133 | Spider:3 | Reached skill level 9 in Bows
  6133 | Spider:3 | Reached skill level 9 in Crossbows
  6133 | Spider:3 | Reached skill level 9 in Throwing
  6133 | Spider:3 | Reached skill level 9 in Armour
  6133 | Spider:3 | Reached skill level 9 in Stealth
  6133 | Spider:3 | Reached skill level 9 in Shields
  6133 | Spider:3 | Reached skill level 9 in Evocations
  6142 | Spider:3 | HP: 3/111 [electric eel/bolt of electricity (11)]
  6142 | Spider:3 | Killed from afar by an electric eel

Vault maps used:
D:1:      sevenhm_arrival_forest_fort_small_6, minmay_misc_feat_ornament
D:3:      nemelex_xobeh_ov_fountains_minmay
D:4:      lemuel_doored_altar, cheibriados_altar_1, marbit_many_paths,
          lightli_temple_of_fire, gammafunk_temple_overflow_statue,
          overflow_temple_1_default, first_ration, gup_sewer_entry_spiral,
          uniq_sigmund
D:5:      cheibrodos_fertilizer, nicolae_tso_swordbearing_angel,
          kennysheep_mini, nicolae_ossuary_entry_giza, uniq_duvessa
D:6:      overflow_temple_1_default, nicolae_overflow_crystal_walls,
          minmay_temple_entry_large_hall
D:7:      uniq_menkaure
D:8:      dpeg_lair_monsters, serial_ice, serial_ice_l, serial_ice_e,
          serial_ice_c, serial_ice_h, hangedman_ranch, xom_redecorated
D:9:      enter_bailey_2
D:10:     serial_shops, nicolae_shop_stone, grunt_ministairs_3
D:12:     minmay_orc_entry_guard_dogs
D:13:     serial_shops, nicolae_shop_stone
Lair:1:   basic_altar, serial_bayou_shore_b, infiniplex_staircase_pool_2
Lair:2:   beast_lair_carwin_10, grunt_megastairs_2, serial_bayou_shore_a
Lair:3:   swamp_mist_pool, lab_entry_generic, special_room, minmay_holes,
          grunt_forest_stairs_clearing, uniq_rupert
Lair:4:   spider_nest_entry_webs, basic_altar, grunt_megastairs_3
Lair:5:   minmay_slime_entry_jelly_boxes, basic_altar, serial_bayou_pond_b,
          kennysheep_basilisk_garden
Lair:6:   minmay_lair_end_frog_pond, minivault_29
Spider:1: cheibrodos_spider_deadly_dance, uniq_aizul
Orc:2:    kennysheep_orc_mage_school, serial_shops, shop, basic_altar
Ossuary:  ossuary_due_cavern
Bailey:   bailey_polearm_2, bailey

Skill      XL: |  1  2  3  4  5  6  7  8  9 10 11 12 13 14 |
---------------+-------------------------------------------+-----
Spellcasting   | 5 6 7 8 9 10 | 10.2
Invocations    | 1 2 3 4 5 6 7 8 9 |  9.8
Short Blades   | 1 2 3 4 5 6 7 8 9 |  9.0
Long Blades    | 1 2 3 4 5 6 7 8 9 |  9.0
Axes           | 1 2 3 4 5 6 7 8 9 |  9.0
Maces & Flails | 1 2 3 4 5 6 7 8 9 |  9.0
Polearms       | 1 2 3 4 5 6 7 8 9 |  9.0
Staves         | 1 2 3 4 5 6 7 8 9 |  9.0
Slings         | 1 2 3 4 5 6 7 8 9 |  9.0
Bows           | 1 2 3 4 5 6 7 8 9 |  9.0
Crossbows      | 1 2 3 4 5 6 7 8 9 |  9.0
Throwing       | 1 2 3 4 5 6 7 8 9 |  9.0
Armour         | 1 2 3 4 5 6 7 8 9 |  9.0
Stealth        | 1 2 3 4 5 6 7 8 9 |  9.0
Shields        | 1 2 3 4 5 6 7 8 9 |  9.0
Evocations     | 1 2 3 4 5 6 7 8 9 |  9.0
Fighting       | 3 4 5 6 7 8 9 |  9.4
Conjurations   | 1 2 3 4 5 6 7 |  7.5
Hexes          | 1 2 3 4 5 6 7 |  7.5
Charms         | 1 2 3 4 5 6 7 |  7.5
Summonings     | 1 2 3 4 5 6 7 |  7.5
Necromancy     | 1 2 3 4 5 6 7 |  7.5
Translocations | 1 2 3 4 5 6 7 |  7.5
Transmutations | 4 5 6 7 8 |  8.5
Fire Magic     | 1 2 3 4 5 6 7 |  7.5
Ice Magic      | 1 2 3 4 5 6 7 |  7.5
Air Magic      | 1 2 3 4 5 6 7 |  7.5
Earth Magic    | 1 2 3 4 5 6 7 |  7.5
Poison Magic   | 1 2 3 4 5 6 7 |  7.5
Dodging        | 5 6 7 8 9 10 | 10.1
Unarmed Combat | 7 8 9 10 11 | 11.0

Action                   |  1- 3 |  4- 6 |  7- 9 | 10-12 | 13-15 || total
-------------------------+-------+-------+-------+-------+-------++-------
Melee: Unarmed           |    37 |    42 |   171 |   254 |   176 ||   680
       Headbutt          |     4 |       |       |       |       ||     4
       Bite              |     3 |       |       |    36 |    33 ||    72
       Kick              |     1 |       |       |       |       ||     1
       Short sword       |       |     2 |       |       |       ||     2
       Dagger            |       |       |     3 |    17 |     3 ||    23
       Punch             |       |       |       |     4 |    18 ||    22
 Fire: Arbalest          |       |       |       |     1 |       ||     1
       Hunting sling     |       |       |       |    62 |    18 ||    80
Throw: Tomahawk          |       |       |     5 |       |       ||     5
       Stone             |       |       |     3 |     8 |     4 ||    15
       Javelin           |       |       |       |     6 |       ||     6
 Cast: Beastly Appendage |     6 |       |       |       |       ||     6
       Sticks to Snakes  |     3 |     4 |    18 |    27 |    11 ||    63
       Spider Form       |     3 |     8 |    24 |     3 |       ||    38
       Blade Hands       |       |       |       |    48 |    19 ||    67
       Ice Form          |       |       |       |     4 |       ||     4
       Summon Lightning  |       |       |       |     7 |     4 ||    11
Invok: Bend Time         |       |       |     2 |     3 |       ||     5
       Slouch            |       |       |       |     6 |     3 ||     9
 Abil: End Transformatio |       |       |     5 |    12 |     4 ||    21
Evoke: Wand              |       |       |    13 |     8 |       ||    21
       Lamp of fire      |       |       |       |     1 |       ||     1
  Use: Scroll            |     2 |     1 |     5 |    10 |     3 ||    21
       Potion            |       |     1 |     8 |     5 |     6 ||    20
 Stab: Distracted        |       |     1 |     3 |     5 |     7 ||    16
       Sleeping          |       |     1 |       |     9 |     3 ||    13
  Eat: Chunk             |       |     3 |     1 |    11 |     4 ||    19
       Ration            |       |       |     2 |       |       ||     2
Armor: Skin              |       |     2 |     3 |       |    15 ||    20
       Robe              |       |       |     3 |     2 |       ||     5
       Acid dragon scale |       |       |       |    13 |       ||    13
       Troll leather arm |       |       |       |    10 |    41 ||    51
Dodge: Dodged            |    30 |    25 |   221 |   190 |   183 ||   649
Block: Buckler           |       |       |       |     6 |    11 ||    17

Table legend:
 A = Spawn XP
 B = Non-spawn XP
 C = Spawn XP percentage of total XP
 D = Spawn monster count
 E = Non-spawn monster count
 F = Spawn count percentage of total count
 G = Total turns spent on level
                    A         B        C        D         E        F      G
               +---------+---------+-------+---------+---------+-------+---------
         Total |       0 |   65382 |   0.0 |       0 |     401 |   0.0 |  6142
               +---------+---------+-------+---------+---------+-------+---------
           D:1 |       0 |      10 |   0.0 |       0 |       4 |   0.0 |   159
           D:2 |       0 |      56 |   0.0 |       0 |       9 |   0.0 |   333
           D:3 |       0 |     192 |   0.0 |       0 |       5 |   0.0 |   140
           D:4 |       0 |     338 |   0.0 |       0 |      12 |   0.0 |   262
           D:5 |       0 |     455 |   0.0 |       0 |       9 |   0.0 |   264
           D:6 |       0 |     853 |   0.0 |       0 |      23 |   0.0 |   471
           D:7 |       0 |    1024 |   0.0 |       0 |      21 |   0.0 |   220
           D:8 |       0 |    4247 |   0.0 |       0 |      30 |   0.0 |   346
           D:9 |       0 |    1085 |   0.0 |       0 |      17 |   0.0 |   292
          D:10 |       0 |    1851 |   0.0 |       0 |      15 |   0.0 |   462
          D:11 |       0 |    2294 |   0.0 |       0 |      14 |   0.0 |   361
          D:12 |       0 |    3695 |   0.0 |       0 |      36 |   0.0 |   350
        Lair:1 |       0 |     147 |   0.0 |       0 |       1 |   0.0 |    30
        Lair:2 |       0 |    3418 |   0.0 |       0 |      17 |   0.0 |   236
        Lair:3 |       0 |    4126 |   0.0 |       0 |      19 |   0.0 |   270
        Lair:4 |       0 |    4766 |   0.0 |       0 |      23 |   0.0 |   289
        Lair:5 |       0 |     787 |   0.0 |       0 |       3 |   0.0 |    16
      Spider:1 |       0 |   16714 |   0.0 |       0 |      41 |   0.0 |   290
      Spider:2 |       0 |     520 |   0.0 |       0 |       1 |   0.0 |    24
      Spider:3 |       0 |    6481 |   0.0 |       0 |      22 |   0.0 |    80
         Orc:1 |       0 |     124 |   0.0 |       0 |       2 |   0.0 |   104
         Orc:2 |       0 |    9790 |   0.0 |       0 |      57 |   0.0 |   725
        Bailey |       0 |    2409 |   0.0 |       0 |      20 |   0.0 |   287
               +---------+---------+-------+---------+---------+-------+---------

Table legend:
 A = Turns spent in this place as a percentage of turns spent in the entire game.
 B = Non-inter-level travel turns spent in this place as a percentage of non-inter-level travel turns spent in the entire game.
 C = Inter-level travel turns spent in this place as a percentage of turns spent in this place.
 D = Turns resting spent in this place as a percentage of non-inter-level travel turns spent in this place.
 E = Turns spent auto-exploring this place as a percentage of non-inter-level travel turns spent in this place.
 F = Non-inter-level travel turns spent in this place divided by the number of levels of this place that you've seen.
                   A       B       C       D       E      F
               +-------+-------+-------+-------+-------+----------------------
         Total | 100.0 | 100.0 |   2.5 |   0.0 |   0.0 | 230.3
       Dungeon |  59.6 |  60.0 |   1.8 |   0.0 |   0.0 | 276.5
          Lair |  13.7 |  14.1 |   0.0 |   0.0 |   0.0 | 140.5
   Spider Nest |   6.4 |   6.6 |   0.0 |   0.0 |   0.0 | 131.3
  Orcish Mines |  13.5 |  12.4 |  10.6 |   0.0 |   0.0 | 370.5
       Ossuary |   2.1 |   2.1 |   0.0 |   0.0 |   0.0 | 127.0
        Bailey |   4.7 |   4.8 |   0.0 |   0.0 |   0.0 | 287.0
               +-------+-------+-------+-------+-------+----------------------

Table legend:
 A = Kills in this place as a percentage of kills in entire the game.
 B = Kills by you in this place as a percentage of kills by you in the entire game.
 C = Kills by friends in this place as a percentage of kills by friends in the entire game.
 D = Other kills in this place as a percentage of other kills in the entire game.
 E = Experience gained in this place as a percentage of experience gained in the entire game.
 F = Experience gained in this place divided by the number of levels of this place that you have seen.
                   A       B       C       D       E      F
               +-------+-------+-------+-------+-------+----------------------
         Total | 100.0 | 100.0 | 100.0 |   N/A | 100.0 | 2514.7
       Dungeon |  48.6 |  50.0 |  34.3 |   N/A |  24.6 | 1238.5
          Lair |  15.7 |  15.6 |  17.1 |   N/A |  20.3 | 2207.3
   Spider Nest |  16.0 |  15.0 |  25.7 |   N/A |  36.3 | 7905.0
  Orcish Mines |  14.7 |  14.2 |  20.0 |   N/A |  15.2 | 4957.0
        Bailey |   5.0 |   5.2 |   2.9 |   N/A |   3.7 | 2409.0
               +-------+-------+-------+-------+-------+----------------------

Vault maps used:
D:1:      sevenhm_arrival_forest_fort_small_6, minmay_misc_feat_ornament
D:3:      nemelex_xobeh_ov_fountains_minmay
D:4:      lemuel_doored_altar, cheibriados_altar_1, marbit_many_paths,
          lightli_temple_of_fire, gammafunk_temple_overflow_statue,
          overflow_temple_1_default, first_ration, gup_sewer_entry_spiral,
          uniq_sigmund
D:5:      cheibrodos_fertilizer, nicolae_tso_swordbearing_angel,
          kennysheep_mini, nicolae_ossuary_entry_giza, uniq_duvessa
D:6:      overflow_temple_1_default, nicolae_overflow_crystal_walls,
          minmay_temple_entry_large_hall
D:7:      uniq_menkaure
D:8:      dpeg_lair_monsters, serial_ice, serial_ice_l, serial_ice_e,
          serial_ice_c, serial_ice_h, hangedman_ranch, xom_redecorated
D:9:      enter_bailey_2
D:10:     serial_shops, nicolae_shop_stone, grunt_ministairs_3
D:12:     minmay_orc_entry_guard_dogs
D:13:     serial_shops, nicolae_shop_stone
Lair:1:   basic_altar, serial_bayou_shore_b, infiniplex_staircase_pool_2
Lair:2:   beast_lair_carwin_10, grunt_megastairs_2, serial_bayou_shore_a
Lair:3:   swamp_mist_pool, lab_entry_generic, special_room, minmay_holes,
          grunt_forest_stairs_clearing, uniq_rupert
Lair:4:   spider_nest_entry_webs, basic_altar, grunt_megastairs_3
Lair:5:   minmay_slime_entry_jelly_boxes, basic_altar, serial_bayou_pond_b,
          kennysheep_basilisk_garden
Lair:6:   minmay_lair_end_frog_pond, minivault_29
Spider:1: cheibrodos_spider_deadly_dance, uniq_aizul
Orc:2:    kennysheep_orc_mage_school, serial_shops, shop, basic_altar
Ossuary:  ossuary_due_cavern
Bailey:   bailey_polearm_2, bailey
